 Dungeon Crawl Stone Soup version 0.29.1-12-g30fa7ad0bf (webtiles) character file.

Game seed: 6847405648817580041

4450 Gabide the Grappler (level 10, -12/80 HPs)
             Began as a Mummy Berserker on Dec 27, 2022.
             Was an Elder of Trog.
             Mangled by a two-headed ogre
             ... wielding a +0 giant spiked club
              (30 damage)
             ... on level 8 of the Dungeon.
             The game lasted 00:20:41 (10812 turns).

Gabide the Grappler (Mummy Berserker)              Turns: 10812, Time: 00:20:42

Health: -12/80     AC:  5    Str: 31    XL:     10   Next: 15%
Magic:  10/10      EV: 17    Int:  6    God:    Trog [****..]
Gold:   406        SH:  5    Dex: 12    Spells: 9/9 levels left

rFire   x . .      SeeInvis .     - Unarmed
rCold   + . .      Faith    .   (no shield)
rNeg    + + +      Spirit   .   f - +0 ring mail
rPois   ∞          Reflect  +   (no helmet)
rElec   .          Harm     .   (no cloak)
rCorr   .          Rampage  .   (no gloves)
Will    +....                   (no boots)
Stlth   +.........              g - amulet of reflection
HPRegen 0.23/turn               i - +6 ring of strength
MPRegen 0.12/turn               m - +4 ring of evasion

@: no status effects
A: cold resistance 1, negative energy resistance 3, torment resistance 2, heat
vulnerability 1, in touch with death 1, no potions
a: Renounce Religion, Trog's Hand, Brothers in Arms


You were on level 8 of the Dungeon.
You worshipped Trog.
Trog was greatly pleased with you.
You visited 1 branch of the dungeon, and saw 8 of its levels.

You collected 406 gold pieces.

Inventory:

Hand Weapons
 b - a +1 whip of electrocution
Missiles
 e - 84 stones (quivered)
Armour
 f - a +0 ring mail (worn)
Jewellery
 d - a ring of protection from fire
 g - an amulet of reflection (around neck)
 i - a +6 ring of strength (left hand)
 m - a +4 ring of evasion (right hand)
 n - a +6 ring of strength
Wands
 r - a wand of polymorph (1)
Scrolls
 a - 2 scrolls of magic mapping
 c - 2 scrolls of immolation
 h - a scroll of teleportation
 j - a scroll of torment
 k - 3 scrolls of enchant armour {unknown}
 l - a scroll of blinking
 p - a scroll of enchant weapon {unknown}
 q - a scroll of vulnerability {unknown}
 t - 3 scrolls of identify
 u - a scroll of fear {unknown}
 v - a scroll of butterflies


   Skills:
 + Level 8.0 Fighting
 - Level 1.5 Armour
 + Level 6.4 Dodging
 * Level 9.2 Unarmed Combat


You had 9 spell levels left.
You didn't know any spells.
Your spell library was empty.

Dungeon Overview and Level Annotations

Branches:
Dungeon (8/15)             Temple (0/1) D:5            Lair (0/5) D:8

Altars:
Ashenzari
Fedhas
Kikubaaqudgha
Okawaru
Qazlal
Ru
Sif Muna
Trog
Uskayaw
Wu Jian
Xom
Yredelemnul

Shops:
D:7 !!   D:8 :


Innate Abilities, Weirdness & Mutations

You are immune to poison.
Your flesh is cold resistant. (rC+)
You are immune to negative energy. (rN+++)
You are immune to unholy pain and torment.
You are vulnerable to heat. (rF-)
You are in touch with the powers of death.
You do not drink.


Message History

The two-headed ogre struggles against the net.
The net rips apart, and the two-headed ogre comes free!
You closely miss something. Something hits you.
You barely miss something. Something closely misses you.
You hit something. Something hits you but does no damage.
Okay, then.
Unknown command.
Unknown command.
You miss something. You closely miss something. Something hits you.
You pummel something!! Trog accepts your kill.
Trog appreciates your killing of a magic user.
Reactivating autopickup.
You feel a bit more experienced.
You barely miss the two-headed ogre.
The two-headed ogre is moderately wounded.
The two-headed ogre closely misses you.
The two-headed ogre hits you with a +0 giant spiked club!
You closely miss the two-headed ogre.
The two-headed ogre is moderately wounded.
The orc curses loudly, as Orcs often do.
You hit the two-headed ogre.
The two-headed ogre is moderately wounded.
You block the two-headed ogre's attack. The two-headed ogre barely misses you.
Throw: dart (curare)
Press: ? - help, Shift-Dir - straight line, f/p - two-headed ogre
Aim: a two-headed ogre, wielding two +0 giant spiked clubs (moderately wounded, poisoned, 76% to hit)
You throw a curare-tipped dart.
The curare-tipped dart barely misses the two-headed ogre.
The two-headed ogre looks more healthy.
The two-headed ogre attacks as you move away!
The two-headed ogre hits you with a +0 giant spiked club!!
* * * LOW HITPOINT WARNING * * *
You block the two-headed ogre's attack.
The two-headed ogre attacks as you move away!
The two-headed ogre hits you with a +0 giant spiked club.
* * * LOW HITPOINT WARNING * * *
The two-headed ogre hits you with a +0 giant spiked club!!
You die...

* #..#*#...####### #..## * #{o#
*.........# ##.## # #o##
*#........# #..###### ##.#
#.......#* #........
#..#####.......# #........
##....()(w...#..## ##.###....
###......###..###..# #..# #....
....###### #.o.....## ##÷.# #....
.....# #...O@...###..## #....
..∩..# ##............)####....
.....# #..............<.......
.....#** #..###......##...P..P..
##.....#**#..# ###....##..P.P...P
.##..........# ##......P.....P.P
..##.........####........P..P....
...#..####*#...#.........P...P..P
#....## *#............÷PP.....


You could see a two-headed ogre, a worm and an orc.

Vanquished Creatures
  Pikel (D:5)
  Grinder (D:4)
  3 yaks (D:8)
  4 water moccasins (D:8)
  3 sky beasts
  A black bear (D:5)
  3 ogres
  A centaur (D:5)
  2 phantoms
  4 bullfrogs
  2 kobold brigands
  Blork the orc (D:5)
  4 scorpions
  5 wights
  5 killer bees (D:7)
  2 howler monkeys
  5 orc priests
  2 gnoll boudas
  A hound (D:4)
  2 jellies
  Natasha (thrice) (D:3)
  6 orc wizards
  10 gnolls
  9 adders
  A river rat (D:7)
  3 shadow imps
  A white imp (D:6)
  3 worms (D:2)
  4 dart slugs
  26 orcs
  3 endoplasms
  A giant cockroach (D:2)
  6 goblins
  10 hobgoblins
  3 jackals (D:3)
  4 quokkas
  4 ball pythons
  5 bats
  A frilled lizard (D:2)
  19 kobolds
  A kobold skeleton (D:5)
  5 rats
180 creatures vanquished.

Vanquished Creatures (collateral kills)
  A gnoll bouda (D:6)
  A gnoll (D:6)
2 creatures vanquished.

Vanquished Creatures (others)
  A lemure (D:5)
  A scorpion (D:5)
  32 fungi (D:8)
  41 plants
75 creatures vanquished.

Grand Total: 257 creatures vanquished

Notes
Turn   | Place    | Note
-------+----------+-------------------------------------------
     0 | D:1      | Gabide the Mummy Berserker began the quest for the Orb.
     0 | D:1      | Reached XP level 1. HP: 18/18 MP: 1/1
   918 | D:1      | Reached XP level 2. HP: 20/24 MP: 2/2
  1346 | D:2      | Found a faded altar of an unknown god.
  1475 | D:2      | Reached skill level 3 in Unarmed Combat
  1475 | D:2      | Gained mutation: You are in touch with the powers of death.
                  | [Mummy growth]
  1475 | D:2      | Reached XP level 3. HP: 13/29 MP: 3/3
  1848 | D:2      | Reached XP level 4. HP: 31/35 MP: 4/4
  2364 | D:2      | Reached ** piety under Trog
  2695 | D:2      | Reached XP level 5. HP: 26/42 MP: 5/5
  3144 | D:3      | Noticed Natasha
  3158 | D:3      | Killed Natasha
  3159 | D:3      | Reached skill level 4 in Unarmed Combat
  3238 | D:3      | Found a broken altar of Ashenzari.
  3243 | D:3      | Noticed Natasha
  3266 | D:3      | Killed Natasha
  3480 | D:3      | Found an iron altar of Okawaru.
  3499 | D:3      | Noticed Natasha
  3507 | D:3      | Killed Natasha
  3508 | D:3      | Reached XP level 6. HP: 48/48 MP: 6/6
  3644 | D:3      | Found a hide-covered altar of Uskayaw.
  3873 | D:4      | Noticed Grinder
  3882 | D:4      | Paralysed by Grinder for 3 turns
  4006 | D:4      | Killed Grinder
  4203 | D:4      | Found an ornate altar of the Wu Jian Council.
  4248 | D:4      | Found a sacrificial altar of Ru.
  4304 | D:4      | Reached skill level 5 in Unarmed Combat
  4354 | D:4      | Reached XP level 7. HP: 42/55 MP: 7/7
  4877 | D:4      | Found a bloodstained altar of Trog.
  4897 | D:4      | Found a shimmering blue altar of Sif Muna.
  5270 | D:4      | Reached skill level 5 in Fighting
  5386 | D:5      | Entered Level 5 of the Dungeon
  5401 | D:5      | Found a runed translucent door.
  5401 | D:5      | Noticed a human
  5411 | D:5      | Found a basalt altar of Yredelemnul.
  5512 | D:5      | Found a staircase to the Ecumenical Temple.
  5513 | D:5      | Noticed Pikel
  5533 | D:5      | Killed Pikel
  5534 | D:5      | Reached skill level 6 in Unarmed Combat
  5534 | D:5      | Reached XP level 8. HP: 49/64 MP: 8/8
  5652 | D:5      | Noticed Blork the orc
  5662 | D:5      | Killed Blork the orc
  5956 | D:5      | Found a blossoming altar of Fedhas.
  6113 | D:5      | Reached skill level 7 in Unarmed Combat
  6134 | D:5      | Reached *** piety under Trog
  6207 | D:5      | Reached skill level 5 in Dodging
  6249 | D:5      | Noticed Edmund
  6251 | D:5      | Noticed Edmund
  6251 | D:5      | Edmund changed into Edmund the howler monkey
  6257 | D:5      | Killed Edmund the howler monkey
  6431 | D:5      | Found a stormy altar of Qazlal.
  6585 | D:6      | You fall into a shaft and drop 2 floors!
  6597 | D:8      | Found a staircase to the Lair.
  6857 | D:7      | Found an ancient bone altar of Kikubaaqudgha.
  7002 | D:7      | Found Voif Maum's Distillery.
  7009 | D:7      | Reached XP level 9. HP: 67/71 MP: 9/9
  7728 | D:6      | Noticed Dowan
  7728 | D:6      | Noticed Duvessa
  7734 | D:6      | Noticed Duvessa
  7734 | D:6      | Duvessa changed into Duvessa the jelly
  7735 | D:6      | Killed Duvessa the jelly
  7742 | D:6      | Noticed Dowan
  7742 | D:6      | Dowan changed into Dowan the quokka
  7749 | D:6      | Killed Dowan the quokka
  8308 | D:7      | Reached skill level 8 in Unarmed Combat
  8782 | D:7      | Found Faoc Bumiant's Distillery.
 10030 | D:8      | Reached **** piety under Trog
 10100 | D:8      | Reached skill level 9 in Unarmed Combat
 10100 | D:8      | Reached XP level 10. HP: 73/80 MP: 10/10
 10511 | D:8      | Found a shimmering altar of Xom.
 10749 | D:8      | Found Dioluon's Book Boutique.
 10769 | D:8      | Noticed a two-headed ogre
 10812 | D:8      | Mangled by a two-headed ogre

Illustrated notes

Levels and vault maps discovered:
D:1:      spicycebolla_arrival_clurvy, layout_basic,
          kennysheep_decorative_pillar
D:2:      layout_basic, ebering_ecumenical_altar_sacrificial
D:3:      layout_loops_ring, mainiacjoe_overflow_small_starburst,
          cheibrodos_ashenzari_chains, marbit_many_paths, uniq_natasha
D:4:      wander_river, layout_gridville, lemuel_doored_altar,
          lemuel_round_altar, nzn_overflow_gifts_of_might_and_magic,
          uniq_grinder
D:5:      layout_basic, dk_yredelemnul_ordeal, nicolae_qazlal_eye_of_the_storm,
          mainiacjoe_overflow_alcove_1, minmay_temple_entry_slanted, uniq_pikel,
          uniq_blork_the_orc, uniq_edmund
D:6:      layout_cave_pools, chequers_serial_rivers_micro_a,
          nicolae_grassy_gnolls, uniq_duvessa
D:7:      layout_gridville, nicolae_overflow_hidden_temple, lemuel_round_altar,
          serial_shops, shop, nicolae_stop_n_shop_2
D:8:      layout_layer_cave, tgw_xom, due_lair_maze_entry_diamond, serial_shops,
          shop

Skill      XL: |  1  2  3  4  5  6  7  8  9 10 |
---------------+-------------------------------+-----
Dodging        | 2 3 4 5 6 |  6.4
Unarmed Combat | 3 4 5 6 7 9 |  9.2
Fighting       | 4 5 6 7 8 |  8.0
Armour         | |  1.5

Action                   |  1- 3 |  4- 6 |  7- 9 | 10-12 || total
-------------------------+-------+-------+-------+-------++-------
Melee: Unarmed           |   120 |   217 |   312 |    60 ||   709
       Punch             |     2 |     6 |    27 |     3 ||    38
       Whip              |       |       |   160 |       ||   160
Throw: Stone             |     7 |    10 |    21 |       ||    38
       Throwing net      |     1 |       |     4 |     1 ||     6
       Dart              |       |       |     7 |     2 ||     9
Invok: Trog's Hand       |       |     5 |     5 |       ||    10
Evoke: Wand              |       |       |    19 |     1 ||    20
  Use: Scroll            |       |     6 |    11 |       ||    17
Armor: Animal skin       |     1 |       |       |       ||     1
       Ring mail         |    16 |    61 |   104 |     4 ||   185
       Scale mail        |     6 |       |       |       ||     6
Dodge: Dodged            |    58 |    92 |   388 |    28 ||   566
Block: Other             |     4 |    34 |    95 |     8 ||   141
       Reflection        |       |     1 |     1 |     2 ||     4
